 Dungeon Crawl Stone Soup version 0.30-a0-219-gf2db51d15e (webtiles) character file.

Game seed: 5083205125830173446

43 zishaf the Trooper (level 3, 0/42 HPs)
             Began as an Ogre Chaos Knight on Oct 6, 2022.
             Was a Plaything of Xom.
             Slain by a gnoll
             ... wielding a +0 whip
              (4 damage)
             ... on level 2 of the Dungeon.
             The game lasted 00:01:32 (906 turns).

zishaf the Trooper (Ogre Chaos Knight)               Turns: 906, Time: 00:01:32

Health: 0/42       AC:  5    Str: 18    XL:     3   Next: 58%
Magic:  3/3        EV:  9    Int: 13    God:    Xom [..*...]
Gold:   72         SH:  0    Dex:  8    Spells: 2/2 levels left

rFire   . . .      SeeInvis .    a - +0 mace (chaos)
rCold   . . .      Faith    .    (no shield)
rNeg    . . .      Spirit   .    b - +2 robe
rPois   .          Reflect  .    (helmet restricted)
rElec   .          Harm     .    (no cloak)
rCorr   .          Rampage  .    (gloves unavailable)
Will    +....                    (boots unavailable)
Stlth   +.........               (no amulet)
HPRegen 0.27/turn                f - ring of willpower
MPRegen 0.08/turn                (no ring)

@: no status effects
A: large, unfitting armour, tough skin 1
a: Renounce Religion


You were on level 2 of the Dungeon.
You worshipped Xom.
You were a toy of Xom.
You visited 1 branch of the dungeon, and saw 2 of its levels.

You collected 72 gold pieces.

Inventory:

Hand Weapons
 a - a +0 mace of chaos (weapon)
Armour
 b - a +2 robe (worn)
Jewellery
 f - a ring of willpower (left hand)
Scrolls
 d - 3 scrolls of identify {unknown}
 i - a scroll of enchant weapon {unknown}
 j - a scroll of vulnerability {unknown}
Potions
 e - a potion of curing {unknown}
 g - 2 potions of flight {unknown}
 h - a potion of brilliance {unknown}
Miscellaneous
 c - a piece from Xom's chessboard (15/15) (quivered)


   Skills:
 + Level 5.1 Fighting
 + Level 3.4 Maces & Flails
 - Level 2.1 Dodging


You had 2 spell levels left.
You didn't know any spells.
Your spell library was empty.

Dungeon Overview and Level Annotations

Branches:
Dungeon (2/15)

Altars:

Shops:
D:2 ?


Innate Abilities, Weirdness & Mutations

You are too large for most types of armour.
You have tough skin. (AC +1)


Message History

You completely miss the rat. The rat bites you but does no damage.
The rat barely misses you.
You hit the rat. You freeze the rat.
You kill the rat!
No target in view!
No target in view!
No target in view!
As you open the door, it creaks loudly!
There is an open door here.
A gnoll comes into view. It is wielding a +0 whip.
The gnoll shouts!
You hear a shout! x2
Found an escape hatch in the floor.
The gnoll hits you with a +0 whip!
You hit the gnoll but do no damage.
The gnoll flickers and vanishes!
Deactivating autopickup; reactivate with Ctrl-A.
Xom is highly amused!
Something completely misses you.
No target in view!
No target in view!
No target in view!
You hit something. You burn something. Something hits you.
A worm comes into view.
You closely miss something. Something hits you. x2
You hit something but do no damage. Something hits you!
You miss something. Something hits you.
You barely miss something. Something hits you.
A ball python comes into view.
You completely miss something.
The ball python hisses angrily.
You hear a shout!
A gnoll comes into view. It is wielding a +0 spear.
Something hits you.
* * * LOW HITPOINT WARNING * * *
Something hits you but does no damage.
You miss something. Your punch misses something. Something hits you.
* * * LOW HITPOINT WARNING * * *
You hit something but do no damage. Something hits you.
* * * LOW HITPOINT WARNING * * *
Unknown command.
You closely miss something. Something hits you.
You die...

... ...
#># #g#
#S# #w#
#{# #.#
#@# #.#
#.# #.#
#.# #.#
#.# #.#
#.#
######
#.# #.#
#....#
#.# #.#
#....#
#.###'##
#....#
#......#
#....#


You could see a worm, a gnoll and a ball python.

Vanquished Creatures
  An adder (D:2)
  3 endoplasms (D:1)
  3 giant cockroaches (D:1)
  3 goblins (D:1)
  3 hobgoblins (D:1)
  A kobold (D:1)
  3 quokkas (D:1)
  2 ball pythons (D:1)
  6 bats
  A frilled lizard (D:1)
  4 rats
30 creatures vanquished.

Notes
Turn   | Place    | Note
-------+----------+-------------------------------------------
     0 | D:1      | zishaf the Ogre Chaos Knight began the quest for the Orb.
     0 | D:1      | Reached XP level 1. HP: 24/24 MP: 1/1
    85 | D:1      | Reached XP level 2. HP: 10/33 MP: 2/2
   360 | D:1      | XOM: silly message
   523 | D:1      | Reached XP level 3. HP: 41/41 MP: 3/3
   740 | D:2      | Found Dycery's Magic Scroll Shoppe.
   745 | D:2      | Reached skill level 5 in Fighting
   820 | D:2      | XOM: silly message
   906 | D:2      | Slain by a gnoll

Illustrated notes

Levels and vault maps discovered:
D:1:      spicycebolla_green_bress_n_ham, layout_loops_cross
D:2:      layout_basic, basic_ecumenical_altar, serial_shops, shop_statue,
          shop_statue, shop, nicolae_shop_advertising_works
          [nicolae_subvault_shop_adworks], nicolae_shop_statue_plus

Skill      XL: |  1  2  3 |
---------------+----------+-----
Maces & Flails | 3 |  3.4
Fighting       | 5 |  5.1
Dodging        | |  2.1

Action                   || total
-------------------------++-------
Melee: Mace              ||   131
       Punch             ||     1
Armor: Robe              ||    91
Dodge: Dodged            ||    74

Table legend: (Time is in decaauts)
 A = Elapsed time spent in this place.
 B = Non-inter-level travel time spent in this place.
 C = Inter-level travel time spent in this place.
 D = Time resting spent in this place.
 E = Time spent auto-exploring this place.
 F = Levels seen in this place.
 G = Mean time per level.
                   A        B        C        D        E       F      G
               +--------+--------+--------+--------+--------+-----+--------+
         Total |    938 |    931 |      7 |     30 |    629 |   2 |  469.0 |
       Dungeon |    938 |    931 |      7 |     30 |    629 |   2 |  469.0 |
               +--------+--------+--------+--------+--------+-----+--------+

Top non-repeatable levels by time:
     D:1: 803 daAuts
     D:2: 135 daAuts
